Map: Ruines d’Endion

Players

thedarkside - Winner!

  • Race: Zerg Zerg
  • League: Master

Worming

  • Race: Zerg Zerg
  • League: Diamond

VOD

Have the link to the VOD?

Description

Time

  • Played on: May 21, 2016, 4:40 a.m.
  • Length: 12:00
Show
View Real Time Build Order
Export as new Build Order

thedarkside Zerg - Winner!

Build Orders: Hatch First, Zergling Baneling 

Get SALT Encoding   

  12  0:01  Drone  
  13  0:08  Drone  
  14  0:17  Overlord  
  14  0:35  Drone  
  14  0:36  Drone x2  
  17  0:53  Hatchery  
  17  0:56  Drone  
  17  1:00  Extractor  
  17  1:02  Drone  
  17  1:17  Spawning Pool  
  16  1:19  Drone  
  16  1:23  Drone  
  18  1:30  Drone  
  19  1:40  Overlord  
  19  1:52  Drone  
  20  2:03  Queen, Drone, Metabolic Boost  
  23  2:09  Queen  
  23  2:12  Drone  
  26  2:16  Drone  
  26  2:19  Zergling x2  
  28  2:24  Zergling x2  
  28  2:29  Zergling x2  
  30  2:34  Drone  
  31  2:39  Drone  
  31  2:42  Queen  
  34  2:45  Zergling x2  
  34  2:50  Zergling x2  
  36  2:54  Baneling Nest  
  35  3:02  Drone  
  35  3:03  Overlord  
  36  3:22  Drone  
  36  3:23  Drone x7  
  44  3:27  Overlord  
  44  3:41  Overlord  
  44  3:46  Zergling x4  
  46  3:50  Baneling  
  46  3:51  Baneling x2  
  46  3:52  Zergling x2  
  46  3:53  Zergling x10, Overlord  
  52  4:03  Baneling x4  
  52  4:04  Zergling x2  
  52  4:19  Zergling x2  
  52  4:20  Baneling, Zergling x4  
  52  4:21  Baneling x2  
  52  4:22  Baneling x2  
  44  4:35  Zergling x8  
  48  4:46  Drone x2  
  48  4:48  Drone  
  48  4:49  Drone  
  48  4:50  Hatchery  
  51  4:57  Lair  
  51  4:59  Extractor  
  50  5:00  Extractor  
  50  5:01  Zergling x4, Extractor  
  50  5:11  Drone x4  
  54  5:16  Drone  
  55  5:24  Drone x2  
  57  5:47  Overlord  
  57  5:48  Overlord  
  57  5:50  Drone x2  
  59  6:08  Drone  
  59  6:09  Drone x8, Spire  
  59  6:10  Drone x2  
  69  6:15  Drone  
  70  6:22  Drone x2  
  70  6:23  Extractor  
  70  6:25  Extractor  
  70  6:39  Zergling x2, Overlord  
  71  6:40  Overlord  
  71  6:41  Overlord  
  71  6:44  Drone x5  
  76  7:02  Spine Crawler  
  76  7:03  Spine Crawler  
  76  7:05  Spine Crawler x2  
  76  7:06  Spine Crawler  
  72  7:20  Mutalisk  
  72  7:21  Mutalisk x11  
  96  7:23  Zerg Flyer Weapons Level 1  
  97  7:32  Spine Crawler  
  88  7:41  Zergling x6  
  87  7:47  Zergling x6  
  87  7:48  Zergling x4  
  84  7:58  Mutalisk x3  
  84  8:01  Mutalisk  
  84  8:03  Spire  
  89  8:19  Queen  
  88  8:20  Drone x4  
  91  8:40  Hatchery  
  85  8:47  Mutalisk x4  
  92  9:09  Overlord x2  
  92  9:23  Overlord x2  
  92  9:24  Zerg Flyer Weapons Level 2  
  92  9:25  Zerg Flyer Armor Level 1  
  92  9:33  Zergling x8  
  96  9:56  Zergling x12  
  100  10:03  Zergling x2  
  101  10:13  Mutalisk x3  
  102  10:19  Mutalisk x2  
  95  10:23  Infestation Pit  
  94  10:33  Queen, Drone x3  
  99  10:39  Mutalisk x3  
  103  11:00  Mutalisk  
  103  11:01  Mutalisk x4  
  111  11:08  Baneling  
  111  11:09  Baneling x5  
  111  11:10  Baneling x7  
  109  11:12  Zergling x8  
  113  11:21  Zergling x4  
  115  11:28  Zergling x2  
Show
View Real Time Build Order
Export as new Build Order

Worming Zerg 

Build Orders: Pool First, Zergling Baneling 

Get SALT Encoding   

  12  0:01  Drone  
  13  0:12  Overlord  
  13  0:17  Drone  
  14  0:31  Drone x2  
  16  0:38  Drone  
  17  0:43  Extractor  
  17  0:48  Spawning Pool  
  15  0:50  Drone  
  16  0:57  Drone  
  17  1:19  Drone  
  17  1:20  Hatchery  
  17  1:22  Drone  
  18  1:30  Overlord  
  18  1:42  Queen  
  20  1:47  Metabolic Boost  
  20  1:53  Zergling x2  
  21  1:55  Zergling x2  
  22  2:13  Zergling x4  
  24  2:18  Queen  
  26  2:24  Overlord  
  26  2:34  Baneling Nest, Drone x2  
  27  2:53  Drone x5  
  31  3:09  Zergling x4  
  31  3:10  Zergling x4  
  35  3:20  Zergling x2  
  35  3:21  Zergling x2  
  36  3:43  Hatchery  
  35  3:53  Baneling x9  
  35  3:58  Drone x6  
  41  4:03  Extractor x2  
  41  4:06  Evolution Chamber  
  31  4:38  Lair  
  31  4:41  Evolution Chamber, Roach Warren  
  31  4:44  Drone x7  
  36  4:50  Zerg Missile Weapons Level 1  
  37  5:02  Queen, Drone  
  37  5:03  Overlord  
  37  5:06  Overlord  
  40  5:17  Drone x2  
  42  5:24  Drone x6  
  48  5:33  Overlord  
  48  5:37  Drone x4  
  52  5:44  Glial Reconstitution  
  52  5:59  Overlord  
  52  6:00  Roach x5  
  52  6:01  Roach  
  64  6:09  Drone x2  
  64  6:11  Overlord x2  
  66  6:29  Roach  
  66  6:30  Roach x7  
  82  6:38  Overlord x2  
  82  6:46  Roach x4  
  90  6:48  Overlord  
  90  6:54  Overlord  
  90  6:59  Ravager x4  
  94  7:04  Roach x2  
  94  7:05  Roach x4  
  106  7:10  Ravager x2  
  108  7:17  Zergling x12  
  110  7:42  Ravager x3  
  101  7:55  Spore Crawler x2, Hydralisk Den  
  101  7:58  Spore Crawler, Drone x11  
  90  8:11  Roach x3  
  69  8:28  Roach x6  
  72  8:41  Extractor  
  72  8:43  Extractor  
  72  8:44  Spore Crawler  
  72  8:46  Spore Crawler, Drone  
  72  8:47  Extractor  
  72  8:48  Drone x2  
  70  8:51  Pneumatized Carapace  
  70  9:01  Queen  
  72  9:03  Muscular Augments, Hydralisk  
  72  9:04  Zergling x10  
  72  9:05  Zergling x6  
  82  9:17  Overlord x4  
  82  9:19  Overlord  
  78  9:33  Spore Crawler  
  75  9:40  Hydralisk x8  
  85  9:52  Hydralisk x3  
  88  10:00  Queen  
  88  10:01  Queen  
  64  10:21  Hydralisk  
  64  10:22  Hydralisk x4  
  64  10:26  Roach Warren  
  73  10:32  Zergling x10  
  73  10:34  Queen  
  80  10:44  Drone x5, Spine Crawler  
  75  11:08  Baneling  
  74  11:26  Roach x4  
  74  11:27  Roach x3  
  74  11:30  Hatchery  
  80  11:41  Roach x3  
Tags
 
Add a new tag
Caveats
  • Supply blocks, unpowered buildings, or Contaminate may cause inaccurate times.
  • Supply counts are checked every 10 seconds.